 Dungeon Crawl Stone Soup version 0.18-a0-1285-g60d00e1 (webtiles) character file.

86 Duffy the Caller (level 4, -1/24 HPs)
             Began as a Deep Elf Summoner on Feb 8, 2016.
             Killed from afar by an orc wizard (5 damage)
             ... with a magic dart
             ... on level 4 of the Dungeon.
             The game lasted 00:04:05 (2721 turns).

Duffy the Caller (Deep Elf Summoner)                Turns: 2721, Time: 00:04:05

Health: -1/24      AC:  4    Str:  5    XL:     4   Next: 26%
Magic:  2/12       EV: 13    Int: 20    God:
Gold:   144        SH:  0    Dex: 16    Spells: 4 memorised, 3 levels left

rFire  . . .     SeeInvis .     g - 142 stones
rCold  . . .     Gourm    .     a - +0 robe
rNeg   . . .     Faith    .     (no shield)
rPois  .         Spirit   .     (no helmet)
rElec  .         Dismiss  .     q - +1 cloak
rCorr  .         Reflect  .     (no gloves)
SustAt .         Harm     .     (no boots)
MR     .....                    (no amulet)
Stlth  ++........               (no ring)
                                (no ring)

@: not resistant to hostile enchantments, unstealthy
A: no striking features
a: no special abilities


You were on level 4 of the Dungeon.
You were not hungry.

You visited 1 branch of the dungeon, and saw 4 of its levels.

You collected 144 gold pieces.


   Skills:
 - Level 2.4 Dodging
 - Level 2.4 Stealth
 + Level 4.8 Spellcasting
 + Level 5.4 Summonings


You had 3 spell levels left.
You knew the following spells:

 Your Spells              Type           Power        Failure   Level  Hunger
a - Summon Small Mammal   Summ           ####         1%          1    None
i - Call Imp              Summ           ####....     1%          2    #......
n - Call Canine Familiar  Summ           ####....     4%          3    ##.....
y - Summon Guardian Gole  Hex/Summ       ###.....     14%         3    ##.....

Inventory:

Missiles
 g - 142 stones (in hand)
Armour
 a - a +0 robe (worn)
 q - a +1 cloak (worn)
Jewellery
 i - an uncursed ring of ice
Scrolls
 d - 5 scrolls of identify {unknown}
 h - 3 scrolls of remove curse {unknown}
 k - a scroll of recharging {unknown}
 p - 2 scrolls of fear {unknown}
Potions
 e - 2 potions of degeneration {unknown}
 j - 2 potions of invisibility {unknown}
 l - a potion of lignification {unknown}
 m - a potion of resistance {unknown}
 n - a potion of curing {unknown}
 o - a potion of magic {unknown}
Books
 b - a book of Callings
Comestibles
 c - 4 bread rations
 f - a beef jerky
 r - 2 chunks of flesh

Dungeon Overview and Level Annotations

Branches:
Dungeon (4/15)
 Temple: D:4-7

Altars:
Fedhas


Message History

The orc wizard hits your hound with a dagger.
Your hound barely misses the orc wizard.
The orc wizard hits your hound but does no damage.
Your hound misses the orc wizard.
The orc wizard mumbles some strange words.
The orc wizard blinks!
Your hound completely misses something.
Something hits your hound but does no damage.
Your hound bites something.
Something hits your hound. Something burns your hound.
Your hound bites something.
Reactivating autopickup.
You feel a bit more experienced.
The orc wizard closely misses your hound.
Your hound bites the orc wizard.
The orc wizard barely misses your hound.
Your hound bites the orc wizard.
The orc wizard barely misses your hound.
Your hound barely misses the orc wizard.
The orc wizard points at your hound and mumbles some strange words.
Your hound resists with significant effort.
Your hound closely misses the orc wizard.
The orc wizard completely misses your hound.
Your hound completely misses the orc wizard.
The orc wizard barely misses your hound.
Your hound bites the orc wizard but does no damage.
The orc wizard misses your hound.
Your hound misses the orc wizard.
The orc wizard gestures at your hound while chanting.
The magic dart hits your hound.
Your hound dies!
Your hound's corpse disappears in a puff of smoke!
The orc wizard barely misses you.
The orc wizard is no longer moving quickly.
The orc wizard points at you and mumbles some strange words.
The magic dart hits you!
You die...

5# ##.#######.####
5###....)....o...#
..###.####.##)##.#
..(...# #.##.##.#
..##### #.##o.#.#
.## #.###.#.# .#
#.# #o#)# .#
#.###.#o# +#
#......@#
#####.### #.# #


You could see an orc wizard.

Action                   |  1- 3 |  4- 6 || total
-------------------------+-------+-------++-------
Throw: Stone             |     4 |       ||     4
 Cast: Summon Small Mamm |    35 |       ||    35
       Call Imp          |    28 |     3 ||    31
       Call Canine Famil |    11 |     3 ||    14
  Eat: Chunk             |     4 |     1 ||     5
       Pizza             |     1 |       ||     1

Notes
Turn   | Place    | Note
--------------------------------------------------------------
     0 | D:1      | Duffy the Deep Elf Summoner began the quest for the Orb.
     0 | D:1      | Reached XP level 1. HP: 10/10 MP: 6/6
   454 | D:1      | Reached XP level 2. HP: 15/15 MP: 4/8
   462 | D:1      | Learned a level 2 spell: Call Imp
  1184 | D:2      | Found a blossoming altar of Fedhas.
  1246 | D:2      | Reached skill level 4 in Spellcasting
  1387 | D:2      | Reached skill level 5 in Summonings
  1487 | D:2      | Reached XP level 3. HP: 19/19 MP: 5/10
  1650 | D:3      | Learned a level 3 spell: Call Canine Familiar
  1654 | D:3      | Learned a level 3 spell: Summon Guardian Golem
  2511 | D:4      | Reached XP level 4. HP: 24/24 MP: 4/12
  2721 | D:4      | Killed from afar by an orc wizard

Vault maps used:
D:1:      mainiacjoe_arrival_reflecting_pool
D:2:      wad_woods_stonehenge, nicolae_overflow_hidden_temple,
          cheibrodos_gnoll_hut
D:4:      minmay_temple_entry_overgrown, nicolae_gozag_zags_fifth_avenue,
          uniq_menkaure

Vanquished Creatures
  An orc wizard
  A worker ant
  3 adders
  2 river rats
  An ooze
  A worm
  3 giant geckos
  An orc
  5 bats
  4 giant cockroaches
  2 goblins
  5 hobgoblins
  2 jackals
  A quokka
  3 giant newts
  6 kobolds
  7 rats
48 creatures vanquished.
